 Seeded DCSS version 0.27.1-4-g1640c2035a (webtiles) character file.

Game seed: 20211104 (custom seed)

53 boopmooplesden the Shield-Bearer (level 3, -5/33 HPs)
             Began as a Minotaur Fighter on Nov 4, 2021.
             Slain by Sigmund (9 damage)
             ... on level 2 of the Dungeon.
             The game lasted 00:01:40 (1092 turns).

boopmooplesden the Shield-Bearer (Minotaur Fighter) Turns: 1092, Time: 00:01:40

Health: -5/33      AC:  7    Str: 21    XL:     3   Next: 62%
Magic:  2/2        EV:  7    Int:  5    God:
Gold:   42         SH:  9    Dex:  9    Spells: 2/2 levels left

rFire    . . .     SeeInvis .   a - +0 war axe
rCold    . . .     Faith    .   c - +0 kite shield
rNeg     . . .     Spirit   .   b - +0 scale mail
rPois    .         Reflect  .   (helmet restricted)
rElec    .         Harm     .   (no cloak)
rCorr    .         Rampage  .   (no gloves)
Will     .....                  (no boots)
Stlth    ..........             (no amulet)
HPRegen  0.11/turn              (no ring)
MPRegen  0.08/turn              (no ring)

@: no status effects
A: horns 2, retaliatory headbutt
a: no special abilities


You were on level 2 of the Dungeon.
You visited 1 branch of the dungeon, and saw 2 of its levels.

You collected 42 gold pieces.

Inventory:

Hand Weapons
 a - a +0 war axe (weapon)
Armour
 b - a +0 scale mail (worn)
 c - a +0 kite shield (worn)
Scrolls
 g - a scroll of enchant weapon {unknown}
 h - a scroll of silence {unknown}
 i - a scroll of identify {unknown}
Potions
 d - a potion of might
 e - a potion of curing {unknown}
 f - a potion of ambrosia {unknown}
 j - a potion of attraction {unknown}


   Skills:
 + Level 4.3 Fighting
 + Level 3.0 Axes
 + Level 4.1 Armour
 + Level 0.4 Dodging
 + Level 4.3 Shields


You had 2 spell levels left.
You didn't know any spells.
Your spell library was empty.

Dungeon Overview and Level Annotations

Branches:
Dungeon (2/15)

Altars:

Annotations:
D:2 Sigmund


Innate Abilities, Weirdness & Mutations

You have a pair of horns on your head.
You reflexively headbutt those who attack you in melee.


Message History

You kill the hobgoblin!
You block the endoplasm's attack.
You see here a hobgoblin corpse.
You slash the endoplasm!
You kill the endoplasm!
Found 9 gold pieces.
Found a gold piece.
You now have 41 gold pieces (gained 9).
You now have 42 gold pieces (gained 1).
A dart slug comes into view.
A dart slug is nearby!
Sigmund the Dreaded comes into view.
He is wielding a +0 scythe.
Sigmund shouts!
The dart slug launches a dart at you. The slug dart hits you.
An endoplasm comes into view.
The endoplasm quivers.
Sigmund gestures at you while chanting.
You are confused.
The dart slug bites you but does no damage.
Sigmund hits you from afar with a +0 scythe!
The endoplasm freezes you.
You are frozen.
The dart slug launches a dart at you. The slug dart misses you.
The endoplasm freezes you.
You are frozen.
Sigmund hits you from afar with a +0 scythe.
The dart slug launches a dart at you. The slug dart hits you.
You slash the endoplasm!
You kill the endoplasm!
Sigmund hits you from afar with a +0 scythe!
* * * LOW HITPOINT WARNING * * *
Your Axes skill increases to level 3!
You feel less confused. The dart slug launches a dart at you.
The slug dart hits you but does no damage.
Sigmund hits you from afar with a +0 scythe!
You die...

.. # #.# .# .. ..##..# .###.
.......######### ....
#.............# ...##
#............# ....#
##.#.........# ....#
#....#@......## ...##
#....@.....#. <...#
#...w........ #...#.#
####.......## ......#
#.........## #.....# .
#.........# #.....#
..##.........# #........
.........#########
..........###..............##


You could see Sigmund and a dart slug.

Vanquished Creatures
  2 adders (D:2)
  A dart slug (D:1)
  A ball python (D:2)
  7 bats
  4 endoplasms
  A giant cockroach (D:1)
  A goblin (D:2)
  5 hobgoblins
  2 kobolds
  A quokka (D:2)
  3 frilled lizards
  3 rats (D:1)
31 creatures vanquished.

Notes
Turn   | Place    | Note
-------+----------+-------------------------------------------
     0 | D:1      | boopmooplesden the Minotaur Fighter began the quest for the
                  | Orb.
     0 | D:1      | Reached XP level 1. HP: 19/19 MP: 0/0
   268 | D:1      | Reached XP level 2. HP: 26/27 MP: 1/1
   757 | D:2      | Found a faded altar of an unknown god.
   835 | D:2      | Reached XP level 3. HP: 33/33 MP: 2/2
  1083 | D:2      | Noticed Sigmund
  1092 | D:2      | Slain by Sigmund

Illustrated notes

Levels and vault maps discovered:
D:1:      beargit_arrival_greenhouse, layout_basic
D:2:      layout_rooms, serial_co_window_serial, co_window_paths_a,
          co_window_paths_a, co_window_of_opportunity_a, co_window_paths_a,
          co_window_paths_b, co_window_of_opportunity_c, co_window_paths_c,
          co_window_corner_cb, co_window_2corner, glass_columns_b,
          glass_columns_a, glass_columns_a, glass_columns_a,
          ebering_ecumenical_altar_abandoned, uniq_sigmund

Skill      XL: |  1  2  3 |
---------------+----------+-----
Shields        | 4 |  4.3
Armour         | 4 |  4.1
Fighting       | 4 |  4.3
Axes           | 3 |  3.0
Dodging        | |  0.4

Action                   || total
-------------------------++-------
Melee: War axe           ||    68
       Headbutt          ||     8
Armor: Scale mail        ||    41
Dodge: Dodged            ||    25
Block: Kite shield       ||    48
